 Dungeon Crawl Stone Soup version 0.29.1-4-g47bece8355 (webtiles) character file.

Game seed: 10225072675303526197

398 KittyFluff the Cudgeller (level 6, -6/39 HPs)
             Began as a Gargoyle Berserker on Dec 2, 2022.
             Was a Priest of Trog.
             Mangled by an ogre
             ... wielding a +0 giant club
              (11 damage)
             ... on level 4 of the Dungeon.
             The game lasted 00:12:10 (2851 turns).

KittyFluff the Cudgeller (Gargoyle Berserker)       Turns: 2851, Time: 00:12:11

Health: -6/39      AC: 17    Str: 20    XL:     6   Next: 83%
Magic:  6/6        EV: 12    Int:  8    God:    Trog [***...]
Gold:   168        SH:  0    Dex: 11    Spells: 5/5 levels left

rFire   . . .      SeeInvis .   s - +2 flail (protect)
rCold   . . .      Faith    .   (no shield)
rNeg    + . .      Spirit   .   l - +0 leather armour
rPois   ∞          Reflect  .   k - +0 helmet
rElec   +          Harm     .   (no cloak)
rCorr   .          Rampage  .   n - +0 pair of gloves
Will    .....                   (no boots)
Stlth   +.........              (no amulet)
HPRegen 0.13/turn               m - ring of flight
MPRegen 0.10/turn               (no ring)

@: under a protective aura, flying
A: sickness immunity, AC +4, negative energy resistance 1, electricity
resistance, torment resistance 1, petrification resistance
a: Renounce Religion, Berserk, Trog's Hand


You were on level 4 of the Dungeon.
You worshipped Trog.
Trog was most pleased with you.
You visited 1 branch of the dungeon, and saw 4 of its levels.

You collected 168 gold pieces.

Inventory:

Hand Weapons
 a - a +0 mace
 b - the +8 war axe "Wausigom" {freeze, Fragile rCorr Dex+4}
   (You found it on level 4 of the Dungeon)

   It freezes those it strikes, dealing additional cold damage.
   It can also slow down cold-blooded creatures.
   Dex:       It affects your dexterity (+4).
   rCorr:     It protects you from acid and corrosion.
   Fragile:   It will be destroyed if unequipped.
 s - a +2 flail of protection (weapon)
Missiles
 d - 38 stones (quivered)
 f - 7 boomerangs
 o - 4 silver javelins
 t - 6 poisoned darts
Armour
 k - a +0 helmet (worn)
 l - a +0 leather armour (worn)
 n - a +0 pair of gloves (worn)
Jewellery
 m - a ring of flight (left hand)
Scrolls
 e - 5 scrolls of magic mapping
 i - 2 scrolls of poison {unknown}
 j - a scroll of blinking {unknown}
Potions
 c - a potion of ambrosia
 g - 2 potions of haste {unknown}
 h - 3 potions of heal wounds
 p - 2 potions of might
 q - a potion of berserk rage
 r - a potion of lignification {unknown}


   Skills:
 + Level 4.4 Fighting
 + Level 5.2 Maces & Flails
 + Level 0.1 Throwing
 * Level 4.0 Armour
 + Level 2.7 Dodging
 + Level 0.9 Stealth


You had 5 spell levels left.
You didn't know any spells.
Your spell library was empty.

Dungeon Overview and Level Annotations

Branches:
Dungeon (4/15)
 Temple: D:4-7

Altars:
Uskayaw

Shops:
D:2 ![


Innate Abilities, Weirdness & Mutations

You are immune to sickness and miasma.
Your stone body is resilient. (AC +4)
You are immune to poison.
You resist negative energy. (rN+)
You are resistant to electric shocks. (rElec)
You are resistant to unholy torment.
You are immune to petrification.


Message History

Your Armour skill increases to level 4!
You see here a necrophage corpse.
There is a large open door here.
Found a dagger.
You barely miss the hobgoblin. The hobgoblin completely misses you.
You hit the hobgoblin.
Your weapon exudes an aura of protection.
The hobgoblin is moderately wounded.
The hobgoblin hits you but does no damage.
The hobgoblin barely misses you.
You barely miss the hobgoblin.
The hobgoblin is moderately wounded.
The hobgoblin hits you but does no damage.
You sock the hobgoblin!
You kill the hobgoblin!
Trog accepts your kill.
You now have 168 gold pieces (gained 10).
You see here a +0 robe.
An ogre comes into view. It is wielding a +0 giant club.
The ogre shouts!
The ogre hits you with a +0 giant club!
You barely miss the ogre. The ogre barely misses you.
You hit the ogre.
Your weapon exudes an aura of protection.
The ogre is lightly wounded.
The ogre closely misses you.
You barely miss the ogre.
The ogre is lightly wounded.
You sock the ogre!
The ogre is heavily wounded.
The ogre hits you with a +0 giant club!!
Ouch! That really hurt!
* * * LOW HITPOINT WARNING * * *
You barely miss the ogre.
The ogre is heavily wounded.
The ogre barely misses you.
You hit the ogre.
The ogre is severely wounded.
The ogre hits you with a +0 giant club!
You die...

#...... .# #.....
.# ###...# .####
#.....# .##.# #.#
#.# #.##.# #.# #..
##.##.# ####.###.#
#O....# #....[...#
#@.##.###.###.....
#.........# #....#
#.###.#######.#.##
#.###.........###
#.....#########
#######


You could see an ogre.

Vanquished Creatures
  Eustachio (D:4)
  A centaur (D:4)
  A necrophage (D:4)
  5 adders
  A worm (D:2)
  2 dart slugs
  7 orcs
  6 bats
  7 endoplasms
  4 giant cockroaches
  6 goblins
  5 hobgoblins
  3 jackals (D:2)
  3 quokkas
  8 ball pythons
  A frilled lizard (D:1)
  8 kobolds
  7 rats
76 creatures vanquished.

Notes
Turn   | Place    | Note
-------+----------+-------------------------------------------
     0 | D:1      | KittyFluff the Gargoyle Berserker began the quest for the
                  | Orb.
     0 | D:1      | Reached XP level 1. HP: 14/14 MP: 1/1
   290 | D:1      | Reached XP level 2. HP: 19/19 MP: 2/2
   448 | D:1      | Found a faded altar of an unknown god.
   672 | D:1      | Reached XP level 3. HP: 24/24 MP: 3/3
   820 | D:1      | Reached ** piety under Trog
  1051 | D:2      | Found a hide-covered altar of Uskayaw.
  1082 | D:2      | Found Awaul's Distillery.
  1157 | D:2      | Reached XP level 4. HP: 25/29 MP: 4/4
  1179 | D:2      | Found Ygiof's Armour Shoppe.
  1253 | D:2      | Reached skill level 4 in Maces & Flails
  1728 | D:3      | Reached XP level 5. HP: 21/33 MP: 5/5
  2048 | D:4      | Identified the +8 war axe "Wausigom" {freeze, Fragile rCorr
                  | Dex+4}
  2104 | D:4      | Reached *** piety under Trog
  2183 | D:4      | Noticed Eustachio
  2197 | D:4      | Killed Eustachio
  2198 | D:4      | Reached XP level 6. HP: 22/38 MP: 6/6
  2469 | D:4      | HP: 1/38 [centaur (2)]
  2471 | D:4      | Reached skill level 5 in Maces & Flails
  2851 | D:4      | Mangled by an ogre

Illustrated notes

Levels and vault maps discovered:
D:1:      nzn_arrival_crosshair, layout_loops_ring,
          ebering_ecumenical_altar_ruins
D:2:      layout_rooms, basic_altar, serial_shops, nicolae_square_shop, shop
D:3:      layout_rooms
D:4:      kennysheep_big_flooded_room, layout_loops_corners,
          grunt_temple_overflow_gold_and_silver, general_overflow_altar,
          amethyst_overflow_temple_binary, uniq_eustachio

Skill      XL: |  1  2  3  4  5  6 |
---------------+-------------------+-----
Maces & Flails | 4 5 |  5.2
Armour         | 3 4 |  4.0
Fighting       | 4 |  4.4
Dodging        | 2 |  2.7
Throwing       | |  0.1
Stealth        | |  0.9

Action                   |  1- 3 |  4- 6 || total
-------------------------+-------+-------++-------
Melee: Mace              |   102 |    98 ||   200
       Punch             |     1 |     1 ||     2
       Flail             |       |    58 ||    58
Throw: Stone             |       |     7 ||     7
  Use: Scroll            |       |     6 ||     6
Armor: Animal skin       |    46 |    41 ||    87
       Leather armour    |       |    61 ||    61
Dodge: Dodged            |    74 |   119 ||   193
